 Dungeon Crawl Stone Soup version 0.28-a0-1518-gbe868bca14 (webtiles) character file.

Game seed: 11374748658937218083

1511 hashsling the Thaumaturge (level 8, -3/41 HPs)
             Began as a Deep Elf Conjurer on Jan 16, 2022.
             Was a Follower of Sif Muna.
             Slain by an orc warrior (13 damage)
             ... on level 6 of the Dungeon.
             The game lasted 00:17:41 (6797 turns).

hashsling the Thaumaturge (Deep Elf Conjurer)       Turns: 6797, Time: 00:17:43

Health: -3/41      AC:  4    Str:  4    XL:     8   Next: 53%
Magic:  11/24      EV: 12    Int: 26    God:    Sif Muna [*.....]
Gold:   206        SH:  0    Dex: 13    Spells: 10/28 levels left

rFire   . . .      SeeInvis .   x - +1 flail (holy)
rCold   . . .      Faith    +   (no shield)
rNeg    . . .      Spirit   .   a - +0 robe
rPois   +          Reflect  .   (no helmet)
rElec   .          Harm     .   (no cloak)
rCorr   .          Rampage  .   l - +0 pair of gloves
Will    .....                   i - +0 pair of boots
Stlth   ++........              u - amulet of faith
HPRegen 0.13/turn               g - ring of poison resistance
MPRegen 0.19/turn               (no ring)

@: no status effects
A: no striking features
a: Renounce Religion, Channel Magic


You were on level 6 of the Dungeon.
You worshipped Sif Muna.
Sif Muna was aware of your devotion.
You visited 2 branches of the dungeon, and saw 7 of its levels.

You collected 206 gold pieces.

Inventory:

Hand Weapons
 x - a +1 flail of holy wrath (weapon)
Armour
 a - a +0 robe (worn)
 i - a +0 pair of boots (worn)
 l - a +0 pair of gloves (worn)
Magical Staves
 f - a staff of death
Jewellery
 g - a ring of poison resistance (left hand)
 s - an amulet of reflection
 u - an amulet of faith (around neck)
Wands
 n - a wand of flame (26)
Scrolls
 b - 2 scrolls of silence
 d - 2 scrolls of magic mapping {unknown}
 j - 2 scrolls of teleportation
 k - 3 scrolls of summoning
 p - 2 scrolls of identify
 q - a scroll of torment {unknown}
 r - a scroll of noise
 v - a scroll of enchant armour {unknown}
 y - a scroll of enchant weapon {unknown}
 A - a scroll of fear {unknown}
 D - a scroll of immolation {unknown}
Potions
 c - 2 potions of might
 e - a potion of brilliance {unknown}
 h - 2 potions of cancellation
 m - a potion of berserk rage {unknown}
 o - a potion of ambrosia {unknown}
 t - a potion of attraction {unknown}
 w - a potion of flight {unknown}
 z - a potion of magic {unknown}
 B - a potion of mutation {unknown}
 C - a potion of haste {unknown}


   Skills:
 - Level 2.4 Dodging
 - Level 2.4 Stealth
 * Level 10.8 Spellcasting
 * Level 9.0 Conjurations


You had 10 spell levels left.
You knew the following spells:

 Your Spells              Type           Power      Damage    Failure   Level
a - Magic Dart            Conj           100%       1d8       1%          1
b - Searing Ray           Conj           100%       2d8       1%          2
c - Dazzling Flash        Conj/Hex       74%        N/A       1%          3
d - Iskenderun's Mystic   Conj/Tloc      37%        2d9       7%          4
e - Fulminant Prism       Conj/Hex       18%        3d11      7%          4
f - Hailstorm             Conj/Ice       37%        3d9       7%          4

Your spell library contained the following spells:

 Spells                   Type           Power      Damage    Failure   Level
 Animate Skeleton         Necr           28%        N/A       4%          1
 Apportation              Tloc           28%        N/A       4%          1
 Beastly Appendage        Tmut           28%        N/A       4%          1
 Freeze                   Ice            56%        1d7       4%          1
 Pain                     Necr           56%        1d6       4%          1
 Summon Small Mammal      Summ           56%        N/A       4%          1
 Wereblood                Tmut           14%        N/A       6%          2
 Frozen Ramparts          Ice            28%        1d4       13%         3
 Spider Form              Tmut/Pois      14%        N/A       13%         3
 Vampiric Draining        Necr           14%        2d7       13%         3
 Starburst                Conj/Fire      18%        6d7       71%         6


Dungeon Overview and Level Annotations

Branches:
Dungeon (6/15)             Temple (1/1) D:4

Altars:
Ashenzari
Gozag
Sif Muna
Vehumet
Wu Jian


Message History

You feel enfeebled.
You feel yourself slow down.
Casting: Fulminant Prism (quite dangerous; 7% risk of failure)
Confirm with . or Enter, or press ? or * to list all spells.
The spell is quite dangerous to miscast (7% risk of failure)!
Continue anyway?
Aiming: Fulminant Prism (quite dangerous; 7% risk of failure)
Press: ? - help, Dir - move target You conjure a prism of explosive energy!
A fulminant prism comes into view.
The orc wizard gestures wildly while chanting.
The orc wizard flickers and vanishes!
Deactivating autopickup; reactivate with Ctrl-A.
Aiming: Magic Dart (safe; 1% risk of failure)
Press: ? - help, Q - select action, (/) - cycle Shift-Dir - straight line
Okay, then.
The orc warrior hits your fulminant prism with a +0 glaive!
Your fulminant prism detonates feebly.
An orc comes into view. It is wielding a +0 mace.
A magic dart appears from out of thin air!
The magic dart hits you!
The orc warrior hits you but does no damage.
Casting: Magic Dart (safe; 1% risk of failure)
Confirm with . or Enter, or press ? or * to list all spells.
Aiming: Searing Ray (safe; 1% risk of failure)
Press: ? - help, Shift-Dir - straight line The searing ray hits the orc warrior.
The orc warrior is lightly wounded. (Press . to maintain the ray.)
You feel yourself speed up.
The orc warrior hits you from afar with a +0 glaive!!
* * * LOW HITPOINT WARNING * * *
An orc comes into view.
It is wielding a +1 whip of electrocution.
Your magical contamination has completely faded away.
The searing ray hits the orc warrior.
The orc warrior is moderately wounded.
The searing ray hits something!
Sif Muna accepts your kill.
Reactivating autopickup.
You feel a bit more experienced.
The orc warrior hits you from afar with a +0 glaive!
You die...

#.............#
#.####..####..# #
#..####.<# #........#
#.######.#########
#..>.............#
.........#######.# ###
########.#######.#o...o
#...@.o).o..#
#########..!....
#######


You could see an orc warrior and 2 orcs.

Vanquished Creatures
  Grinder (D:6)
  A black bear (D:5)
  A necrophage (D:6)
  A sky beast (D:5)
  A water moccasin zombie (D:5)
  2 scorpions
  2 water moccasin skeletons
  A howler monkey (D:5)
  A bullfrog zombie (D:5)
  2 centaur zombies (D:5)
  3 hounds
  4 jellies
  An orc priest (D:4)
  Ijyb (D:3)
  Terence (D:3)
  2 iguanas
  3 orc wizards
  A scorpion zombie (D:5)
  2 hound skeletons (D:5)
  4 gnolls (D:5)
  5 adders
  A white imp (D:5)
  2 ufetubi
  An adder skeleton (D:4)
  4 worms
  A dart slug (D:1)
  13 orcs
  8 ball pythons
  3 endoplasms
  2 giant cockroaches
  8 goblins
  8 hobgoblins
  2 jackals (D:3)
  4 kobolds
  A quokka (D:1)
  4 bats (D:1)
  3 frilled lizards
  7 rats
112 creatures vanquished.

Vanquished Creatures (others)
  2 fulminant prisms (D:6)
2 creatures vanquished.

Grand Total: 114 creatures vanquished

Notes
Turn   | Place    | Note
-------+----------+-------------------------------------------
     0 | D:1      | hashsling the Deep Elf Conjurer began the quest for the
                  | Orb.
     0 | D:1      | Reached XP level 1. HP: 10/10 MP: 6/6
   187 | D:1      | Reached XP level 2. HP: 15/15 MP: 1/8
   188 | D:1      | Reached skill level 4 in Spellcasting
   191 | D:1      | Learned a level 2 spell: Searing Ray
   759 | D:2      | Found a faded altar of an unknown god.
   822 | D:2      | Reached XP level 3. HP: 19/19 MP: 1/11
   826 | D:2      | Learned a level 3 spell: Dazzling Flash
   840 | D:2      | Reached skill level 5 in Spellcasting
  1749 | D:3      | Noticed Ijyb
  1761 | D:3      | Killed Ijyb
  1762 | D:3      | Reached XP level 4. HP: 11/24 MP: 3/13
  1998 | D:3      | Learned a level 4 spell: Iskenderun's Mystic Blast
  2003 | D:3      | Learned a level 4 spell: Fulminant Prism
  2006 | D:3      | Noticed Terence
  2017 | D:3      | Killed Terence
  2018 | D:3      | Reached skill level 6 in Spellcasting
  2221 | D:3      | Reached skill level 5 in Conjurations
  2964 | D:4      | Reached XP level 5. HP: 28/28 MP: 10/15
  3163 | D:4      | Reached skill level 7 in Spellcasting
  3445 | D:4      | Learned a level 4 spell: Hailstorm
  3730 | D:4      | Reached XP level 6. HP: 32/32 MP: 14/18
  4053 | D:4      | Found an ornate altar of the Wu Jian Council.
  4139 | D:4      | Found a staircase to the Ecumenical Temple.
  4145 | Temple   | Entered the Ecumenical Temple
  4203 | Temple   | Became a worshipper of Sif Muna the Loreminder
  4346 | D:5      | Entered Level 5 of the Dungeon
  4580 | D:5      | Reached skill level 8 in Spellcasting
  4618 | D:5      | Reached XP level 7. HP: 4/36 MP: 0/20
  5039 | D:5      | Reached skill level 9 in Spellcasting
  5071 | D:5      | Reached * piety under Sif Muna
  5587 | D:5      | Reached XP level 8. HP: 41/41 MP: 16/23
  6251 | D:6      | Reached skill level 10 in Spellcasting
  6529 | D:6      | Noticed Grinder
  6542 | D:6      | Killed Grinder
  6797 | D:6      | Slain by an orc warrior

Illustrated notes

Levels and vault maps discovered:
D:1:      lemuel_arrival_behind_the_door_large, layout_rooms
D:2:      layout_loops_ring, basic_ecumenical_altar
D:3:      layout_basic, uniq_terence, uniq_ijyb
D:4:      layout_loops_ring, nzn_wu_jian_contemplation,
          minmay_temple_entry_enclosed_plants, st_stairs_13,
          minmay_misc_feat_rows, kennysheep_generic_room_7
D:5:      minmay_spotlight, layout_basic, minmay_strange_pillars
D:6:      layout_loops_ring, uniq_grinder, uniq_menkaure
Temple:   nicolae_temple_figure_eight

Skill      XL: |  1  2  3  4  5  6  7  8 |
---------------+-------------------------+-----
Spellcasting   | 4 5 6 7 8 9 10 | 10.8
Conjurations   | 5 6 7 9 |  9.0
Dodging        | |  2.4
Stealth        | |  2.4

Action                   |  1- 3 |  4- 6 |  7- 9 || total
-------------------------+-------+-------+-------++-------
Melee: Short sword       |     2 |       |       ||     2
       Staff             |       |    10 |       ||    10
       Flail             |       |       |    12 ||    12
 Cast: Magic Dart        |    79 |   104 |    77 ||   260
       Searing Ray       |     1 |    12 |    16 ||    29
       Iskenderun's Myst |       |     1 |       ||     1
       Fulminant Prism   |       |       |     2 ||     2
Evoke: Wand              |       |     1 |       ||     1
  Use: Scroll            |       |     5 |     2 ||     7
Armor: Robe              |       |    12 |     6 ||    18
Dodge: Dodged            |     5 |    31 |    25 ||    61

Table legend: (Time is in decaauts)
 A = Elapsed time spent in this place.
 B = Non-inter-level travel time spent in this place.
 C = Inter-level travel time spent in this place.
 D = Time resting spent in this place.
 E = Time spent auto-exploring this place.
 F = Levels seen in this place.
 G = Mean time per level.
                   A        B        C        D        E       F      G
               +--------+--------+--------+--------+--------+-----+--------+
         Total |   6803 |   6674 |    129 |     77 |   5812 |   7 |  971.9 |
       Dungeon |   6725 |   6607 |    118 |     77 |   5750 |   6 | 1120.8 |
        Temple |     77 |     66 |     11 |      0 |     62 |   1 |   77.0 |
               +--------+--------+--------+--------+--------+-----+--------+

Top non-repeatable levels by time:
     D:5: 1885 daAuts
     D:4: 1419 daAuts
     D:3: 1130 daAuts
     D:2: 958 daAuts
     D:1: 758 daAuts
     D:6: 574 daAuts
  Temple: 77 daAuts
